TOP OF THE 1ST |
Athletic Club KC Athletics batting - Pitching for Hartford Whalers : LHP Jesús Cantú
|
Pitching: LHP Jesús Cantú
|
|
Batting: SHB David Henderson
|
0-0: Ball 1-0: Foul Ball, location: 2F 1-1: Foul Ball, location: 2F 1-2: Ball 2-2: Ball 3-2: Strikes out swinging
|
Batting: RHB Yoshio Matsuo
|
0-0: Ball 1-0: Ball 2-0: Foul Ball, location: 2F 2-1: Ball 3-1: Base on Balls
|
Batting: LHB Emílio Sáenz
|
0-0: Ball 1-0: Ball 2-0: Ball 3-0: Called Strike 3-1: 2-RUN HOME RUN (Flyball, 9D), Distance : 363 ft
|
Batting: RHB Cory Staton
|
0-0: Ball 1-0: Ground out 1-3 (Groundball, 23)
|
Batting: RHB Harry Fuller
|
0-0: Called Strike 0-1: Called Strike 0-2: Ball 1-2: Strikes out swinging
|
Top of the 1st over - 2 run(s), 1 hit(s), 0 error(s), 0 left on base; Athletic Club KC 2 - Hartford 0 |
BOTTOM OF THE 1ST |
Hartford Whalers batting - Pitching for Athletic Club KC Athletics : RHP Roberto Ortega
|
Pitching: RHP Roberto Ortega
|
|
Batting: LHB Bill Burgess
|
0-0: Ball 1-0: Ball 2-0: Swinging Strike 2-1: Called Strike 2-2: Strikes out looking
|
Batting: LHB Frank Parks
|
0-0: SINGLE (Flyball, 8LS)
|
Batting: RHB Tyrone Scott
|
0-0: Called Strike 0-1: Fly out, F9 (Line Drive, 89D)
|
Batting: LHB Leonardo López
|
0-0: Fly out, F8 (Flyball, 8LS)
|
Bottom of the 1st over - 0 run(s), 1 hit(s), 0 error(s), 1 left on base; Athletic Club KC 2 - Hartford 0 |
TOP OF THE 2ND |
Athletic Club KC Athletics batting - Pitching for Hartford Whalers : LHP Jesús Cantú
|
Batting: RHB Ramón Souza
|
0-0: Ball 1-0: Called Strike 1-1: Ball 2-1: Ball 3-1: Base on Balls
|
Batting: LHB Chris Rice
|
0-0: Grounds into double play, 4-6-3 (Groundball, 34)
|
Batting: SHB Noah McCarthy
|
0-0: Ball 1-0: Foul Ball, location: 2F 1-1: Foul Ball, location: 2F 1-2: Strikes out swinging
|
Top of the 2nd over - 0 run(s), 0 hit(s), 0 error(s), 0 left on base; Athletic Club KC 2 - Hartford 0 |
BOTTOM OF THE 2ND |
Hartford Whalers batting - Pitching for Athletic Club KC Athletics : RHP Roberto Ortega
|
Batting: RHB Roberto Ramírez
|
0-0: Called Strike 0-1: Ball 1-1: Called Strike 1-2: Fly out, F7 (Flyball, 7LM)
|
Batting: RHB Dave O'Day
|
0-0: Ball 1-0: Ball 2-0: Ball 3-0: Called Strike 3-1: DOUBLE (Popup, 3D)
|
Batting: LHB César Durán
|
0-0: Fly out, F5 (Popup, 5F)
|
Batting: RHB Félix Rodríguez
|
0-0: Ball 1-0: Called Strike 1-1: Foul Ball, location: 2F 1-2: Foul Ball, location: 2F 1-2: Ball 2-2: DOUBLE (Line Drive, 9LD) Dave O'Day scores
|
Batting: LHB Jesús Cantú
|
0-0: Called Strike 0-1: Called Strike 0-2: SINGLE (Groundball, 56D) Félix Rodríguez to third Runner from 3rd tries for Home, SAFE, throw made home
|
Batting: LHB Bill Burgess
|
0-0: Called Strike 0-1: Fly out, F8 (Flyball, 8RS)
|
Bottom of the 2nd over - 2 run(s), 3 hit(s), 0 error(s), 1 left on base; Athletic Club KC 2 - Hartford 2 |
TOP OF THE 3RD |
Athletic Club KC Athletics batting - Pitching for Hartford Whalers : LHP Jesús Cantú
|
Batting: RHB Roberto Ortega
|
0-0: Ground out 5-3 (Groundball, 5S)
|
Batting: SHB David Henderson
|
0-0: Called Strike 0-1: Ground out 6-3 (Groundball, 6)
|
Batting: RHB Yoshio Matsuo
|
0-0: Ball 1-0: Ball 2-0: Foul Ball, location: 2F 2-1: Swinging Strike 2-2: Foul Ball, location: 2F 2-2: Ball 3-2: Foul Ball, location: 2F 3-2: Base on Balls
|
Batting: LHB Emílio Sáenz
|
0-0: Called Strike 0-1: Ball 1-1: Called Strike 1-2: Ball 2-2: Ground out U3 (Groundball, 3L)
|
Top of the 3rd over - 0 run(s), 0 hit(s), 0 error(s), 1 left on base; Athletic Club KC 2 - Hartford 2 |
BOTTOM OF THE 3RD |
Hartford Whalers batting - Pitching for Athletic Club KC Athletics : RHP Roberto Ortega
|
Batting: LHB Frank Parks
|
0-0: Swinging Strike 0-1: Ball 1-1: Ball 2-1: Ball 3-1: SINGLE (Line Drive, 4M)
|
Batting: RHB Tyrone Scott
|
0-0: Called Strike Frank Parks steals 2nd base 0-1: Reached on error, E4 (Groundball, 4) Frank Parks scores
|
Batting: LHB Leonardo López
|
0-0: Swinging Strike 0-1: Ball 1-1: Called Strike 1-2: Ball 2-2: Foul Ball, location: 2F 2-2: Strikes out swinging
|
Batting: RHB Roberto Ramírez
|
0-0: Foul Ball, location: 2F 0-1: Called Strike 0-2: Foul Ball, location: 2F 0-2: Ball 1-2: Strikes out looking
|
Batting: RHB Dave O'Day
|
0-0: Ball 1-0: Called Strike 1-1: Swinging Strike 1-2: Ball 2-2: Ground out 6-3 (Groundball, 6)
|
Bottom of the 3rd over - 1 run(s), 1 hit(s), 1 error(s), 1 left on base; Athletic Club KC 2 - Hartford 3 |
TOP OF THE 4TH |
Athletic Club KC Athletics batting - Pitching for Hartford Whalers : LHP Jesús Cantú
|
Batting: RHB Cory Staton
|
0-0: Called Strike 0-1: Ball 1-1: Called Strike 1-2: Foul Ball, location: 2F 1-2: Ball 2-2: Strikes out swinging
|
Batting: RHB Harry Fuller
|
0-0: Ball 1-0: Foul Ball, location: 2F 1-1: Fly out, F4 (Popup, 4D)
|
Batting: RHB Ramón Souza
|
0-0: Called Strike 0-1: Foul Ball, location: 2F 0-2: Ball 1-2: Ball 2-2: Ground out 1-3 (Groundball, 15)
|
Top of the 4th over - 0 run(s), 0 hit(s), 0 error(s), 0 left on base; Athletic Club KC 2 - Hartford 3 |
BOTTOM OF THE 4TH |
Hartford Whalers batting - Pitching for Athletic Club KC Athletics : RHP Roberto Ortega
|
Batting: LHB César Durán
|
0-0: Ground out U3 (Groundball, 3)
|
Batting: RHB Félix Rodríguez
|
0-0: Ball 1-0: Ball 2-0: Foul Ball, location: 2F 2-1: Foul Ball, location: 2F 2-2: SINGLE (Line Drive, 3D)
|
Batting: LHB Jesús Cantú
|
0-0: Bunted foul 0-1: Called Strike 0-2: Sac Bunt - play at first, batter OUT! 5-4 Félix Rodríguez to second
|
Batting: LHB Bill Burgess
|
0-0: Called Strike 0-1: Foul Ball, location: 2F 0-2: Ball 1-2: Strikes out swinging
|
Bottom of the 4th over - 0 run(s), 1 hit(s), 0 error(s), 1 left on base; Athletic Club KC 2 - Hartford 3 |
TOP OF THE 5TH |
Athletic Club KC Athletics batting - Pitching for Hartford Whalers : LHP Jesús Cantú
|
Batting: LHB Chris Rice
|
0-0: Ball 1-0: Foul Ball, location: 2F 1-1: Ball 2-1: Ground out 4-3 (Groundball, 4)
|
Batting: SHB Noah McCarthy
|
0-0: Ball 1-0: Called Strike 1-1: Fly out, F5 (Popup, 5S)
|
Batting: RHB Roberto Ortega
|
0-0: Ball 1-0: Foul Ball, location: 2F 1-1: DOUBLE (Line Drive, 5D)
|
Batting: SHB David Henderson
|
0-0: Ball 1-0: Ball 2-0: Called Strike 2-1: Ball 3-1: Ground out 4-3 (Groundball, 4)
|
Top of the 5th over - 0 run(s), 1 hit(s), 0 error(s), 1 left on base; Athletic Club KC 2 - Hartford 3 |
BOTTOM OF THE 5TH |
Hartford Whalers batting - Pitching for Athletic Club KC Athletics : RHP Roberto Ortega
|
Batting: LHB Frank Parks
|
0-0: Ground out 4-3 (Groundball, 4)
|
Batting: RHB Tyrone Scott
|
0-0: Called Strike 0-1: Foul Ball, location: 2F 0-2: Ground out 5-3 (Groundball, 5S)
|
Batting: LHB Leonardo López
|
0-0: Foul Ball, location: 2F 0-1: Ball 1-1: Ball 2-1: Ground out 1-3 (Groundball, 13)
|
Bottom of the 5th over - 0 run(s), 0 hit(s), 0 error(s), 0 left on base; Athletic Club KC 2 - Hartford 3 |
TOP OF THE 6TH |
Athletic Club KC Athletics batting - Pitching for Hartford Whalers : LHP Jesús Cantú
|
Batting: RHB Yoshio Matsuo
|
0-0: Ball 1-0: Foul Ball, location: 2F 1-1: Fly out, F9 (Flyball, 9LM)
|
Batting: LHB Emílio Sáenz
|
0-0: Ball 1-0: Ball 2-0: Ball 3-0: Called Strike 3-1: Foul Ball, location: 2F 3-2: SOLO HOME RUN (Flyball, 9D), Distance : 368 ft
|
Batting: RHB Cory Staton
|
0-0: Ball 1-0: DOUBLE (Line Drive, 78M)
|
Batting: RHB Harry Fuller
|
0-0: Ball 1-0: Called Strike 1-1: Foul Ball, location: 2F 1-2: Strikes out looking
|
Batting: RHB Ramón Souza
|
0-0: Ball 1-0: Ball 2-0: Swinging Strike 2-1: Ball 3-1: Foul Ball, location: 2F 3-2: Foul Ball, location: 2F 3-2: Base on Balls
|
Batting: LHB Chris Rice
|
0-0: Called Strike 0-1: Swinging Strike 0-2: Ball 1-2: Foul Ball, location: 2F 1-2: Strikes out swinging
|
Top of the 6th over - 1 run(s), 2 hit(s), 0 error(s), 2 left on base; Athletic Club KC 3 - Hartford 3 |
BOTTOM OF THE 6TH |
Hartford Whalers batting - Pitching for Athletic Club KC Athletics : RHP Roberto Ortega
|
Batting: RHB Roberto Ramírez
|
0-0: Swinging Strike 0-1: Foul Ball, location: 2F 0-2: SINGLE (Line Drive, 6)
|
Batting: RHB Dave O'Day
|
0-0: Called Strike 0-1: Ground out 5-3 (Groundball, 56S) Roberto Ramírez to second
|
Batting: LHB César Durán
|
0-0: Intentional Walk
|
Batting: RHB Félix Rodríguez
|
0-0: Ball 1-0: Ball 2-0: Foul Ball, location: 2F 2-1: Foul Ball, location: 2F 2-2: SINGLE (Line Drive, 56D) Roberto Ramírez to third César Durán to second Runner from 3rd tries for Home, throw and OUT! César Durán to third Félix Rodríguez to second
|
Pinch Hitting: SHB Robert Shelby
|
0-0: Called Strike 0-1: Ball 1-1: Ball 2-1: Ground out 6-3 (Groundball, 6M)
|
Bottom of the 6th over - 0 run(s), 2 hit(s), 0 error(s), 2 left on base; Athletic Club KC 3 - Hartford 3 |
TOP OF THE 7TH |
Athletic Club KC Athletics batting - Pitching for Hartford Whalers : LHP Jesús Cantú
|
Pitching: RHP Kelly Hampton
|
|
Batting: SHB Noah McCarthy
|
0-0: Ball 1-0: Ball 2-0: Foul Ball, location: 2F 2-1: Foul Ball, location: 2F 2-2: Ground out 4-3 (Groundball, 4)
|
Pinch Hitting: LHB Tony Reynolds
|
0-0: Ground out U3 (Groundball, 3L)
|
Batting: SHB David Henderson
|
0-0: Called Strike 0-1: SINGLE (Groundball, 4M)
|
Batting: RHB Yoshio Matsuo
|
0-0: Ball 1-0: Ball David Henderson is caught stealing 2nd base
|
Top of the 7th over - 0 run(s), 1 hit(s), 0 error(s), 0 left on base; Athletic Club KC 3 - Hartford 3 |
BOTTOM OF THE 7TH |
Hartford Whalers batting - Pitching for Athletic Club KC Athletics : RHP Roberto Ortega
|
Pitching: LHP Tim Harris
|
|
Batting: LHB Bill Burgess
|
0-0: Ball 1-0: Ball 2-0: Called Strike 2-1: Ball 3-1: Ground out 6-3 (Groundball, 6)
|
Pitching: RHP Craig Moody
|
|
Batting: LHB Frank Parks
|
0-0: Foul Ball, location: 2F 0-1: Ball 1-1: Swinging Strike 1-2: Foul Ball, location: 2F 1-2: Ball 2-2: Ball 3-2: Strikes out swinging
|
Batting: RHB Tyrone Scott
|
0-0: Called Strike 0-1: Ball 1-1: Ball 2-1: Foul Ball, location: 2F 2-2: Ball 3-2: Foul Ball, location: 2F 3-2: Base on Balls
|
Batting: LHB Leonardo López
|
0-0: Ball Tyrone Scott is caught stealing 2nd base
|
Bottom of the 7th over - 0 run(s), 0 hit(s), 0 error(s), 0 left on base; Athletic Club KC 3 - Hartford 3 |
TOP OF THE 8TH |
Athletic Club KC Athletics batting - Pitching for Hartford Whalers : RHP Kelly Hampton
|
Batting: RHB Yoshio Matsuo
|
0-0: Ball 1-0: Fly out, F4 (Popup, 6MD)
|
Batting: LHB Emílio Sáenz
|
0-0: Ball 1-0: Called Strike 1-1: Ball 2-1: Ball 3-1: Base on Balls
|
Batting: RHB Cory Staton
|
0-0: Ball 1-0: Ball 2-0: Ball 3-0: Called Strike 3-1: Foul Ball, location: 2F 3-2: Fly out, F9 (Line Drive, 9LD)
|
Pinch Hitting: RHB Steve Brandon
|
0-0: Ball 1-0: Ball Emílio Sáenz is caught stealing 2nd base
|
Top of the 8th over - 0 run(s), 0 hit(s), 0 error(s), 0 left on base; Athletic Club KC 3 - Hartford 3 |
BOTTOM OF THE 8TH |
Hartford Whalers batting - Pitching for Athletic Club KC Athletics : RHP Craig Moody
|
Now at SS: Guillermo Montoya
|
|
Batting: LHB Leonardo López
|
0-0: Called Strike 0-1: Called Strike 0-2: Foul Ball, location: 2F 0-2: Strikes out swinging
|
Batting: RHB Roberto Ramírez
|
0-0: TRIPLE (Line Drive, 8LD)
|
Pinch Hitting: RHB Mike McDonald
|
0-0: Ball 1-0: Foul Ball, location: 2F 1-1: Ball 2-1: Ball 3-1: Ground out 3-1 (Groundball, 23)
|
Batting: LHB César Durán
|
0-0: Ball 1-0: SINGLE (Groundball, 4MD) Roberto Ramírez scores
|
Batting: RHB Félix Rodríguez
|
0-0: Swinging Strike 0-1: Ball 1-1: Ball 2-1: Foul Ball, location: 2F 2-2: Ball 3-2: Foul Ball, location: 2F 3-2: Base on Balls César Durán to second
|
Pinch Hitting: SHB Julian Anthony
|
0-0: Ball 1-0: Called Strike 1-1: Ball 2-1: Ball 3-1: Foul Ball, location: 2F 3-2: Base on Balls César Durán to third Félix Rodríguez to second
|
Batting: LHB Bill Burgess
|
0-0: Called Strike 0-1: Ground out 6-3 (Groundball, 6)
|
Bottom of the 8th over - 1 run(s), 2 hit(s), 0 error(s), 3 left on base; Athletic Club KC 3 - Hartford 4 |
TOP OF THE 9TH |
Athletic Club KC Athletics batting - Pitching for Hartford Whalers : RHP Kelly Hampton
|
Pitching: RHP Esteban Arroyo
|
|
Now at SS: Dave Farr
|
|
Batting: RHB Guillermo Montoya
|
0-0: Swinging Strike 0-1: Ball 1-1: Called Strike 1-2: Ground out 6-3 (Groundball, 6M)
|
Batting: RHB Ramón Souza
|
0-0: Swinging Strike 0-1: Ball 1-1: Swinging Strike 1-2: Ball 2-2: Strikes out swinging, 2-3 out at first.
|
Batting: LHB Chris Rice
|
0-0: Ball 1-0: Ball 2-0: Called Strike 2-1: Foul Ball, location: 2F 2-2: Ground out 6-3 (Groundball, 6)
|
Top of the 9th over - 0 run(s), 0 hit(s), 0 error(s), 0 left on base; Athletic Club KC 3 - Hartford 4 |
|